 Dungeon Crawl Stone Soup version 0.14-a0-2327-g5ff15cf (webtiles) character file.

299 RedPan the Spear-Bearer (level 5, -3/38 HPs)
             Began as a Merfolk Gladiator on Jan 29, 2014.
             Slain by an orc wizard
             ... wielding a +0,+0 halberd
              (9 damage)
             ... on Level 4 of the Dungeon.
             The game lasted 00:13:45 (2612 turns).

RedPan the Spear-Bearer (Merfolk Gladiator)         Turns: 2612, Time: 00:13:45

HP  -3/38        AC  5     Str 16      XL: 5   Next: 33%
MP   5/5         EV 13     Int  7      God:
Gold 148         SH  0     Dex 15      Spells:  0 memorised,  4 levels left

rFire  . . .     SeeInvis .     a - +0 trident
rCold  + . .     Clarity  .     b - +0 leather armour
rNeg   . . .     Conserve .     (no shield)
rPois  .         rCorr    .     c - +0 helmet
rElec  .         rRot     .     e - +0 cloak (curse)
SustAb . .       Spirit   .     (no gloves)
rMut   .         Warding  .     (no boots)
Saprov . . .     Stasis   .     (no amulet)
MR     .....                    (no ring)
                                h - ring of protection from cold

@: not resistant to hostile enchantments, unstealthy
A: change form in water, swift swim
a: no special abilities


You were on level 4 of the Dungeon.
You were not hungry.

You visited 1 branch of the dungeon, and saw 4 of its levels.

You collected 148 gold pieces.

Inventory:

Hand weapons
 a - a +0,+0 trident (weapon)
Missiles
 d - 3 throwing nets (quivered)
Armour
 b - a +0 leather armour (worn)
 c - a +0 helmet (worn)
 e - a cursed +0 cloak (worn)
Comestibles
 f - 2 bread rations
 o - a beef jerky
 p - a banana
 s - a pear
 B - a rotting chunk of giant newt flesh
 D - a choko
Scrolls
 i - a scroll of amnesia
 k - a scroll of identify
 l - a scroll of random uselessness {unknown}
 m - a scroll of recharging {unknown}
 q - a scroll of teleportation {unknown}
 r - 3 scrolls of curse jewellery {unknown}
 y - 3 scrolls of remove curse {unknown}
 C - a scroll of curse armour {unknown}
 E - a scroll of enchant armour {unknown}
Jewellery
 h - a ring of protection from cold (left hand)
Potions
 g - 2 potions of heal wounds {unknown}
 j - 2 potions of curing {unknown}
 n - a potion of confusion {unknown}
 u - a potion of flight {unknown}
 v - 2 potions of agility {unknown}
 A - a potion of invisibility {unknown}


   Skills:
 - Level 2.1 Fighting
 + Level 8.4 Polearms
 - Level 2.0 Throwing
 - Level 4.0 Dodging


You had 4 spell levels left.
You didn't know any spells.

Dungeon Overview and Level Annotations

Branches:
Dungeon (4/16)
 Temple: D:4-7

Altars:


Message History

* * * LOW HITPOINT WARNING * * *
The orc wizard barely misses you.
Some of the chunks of flesh in your inventory have completely rotted away.
You hit the orc priest but do no damage.
The orc priest hits you with an orcish club.
* * * LOW HITPOINT WARNING * * *
You hit the orc priest.
The orc priest is lightly wounded.
The orc wizard barely misses you. The orc priest closely misses you.
You closely miss the orc priest.
The orc priest is lightly wounded.
The orc wizard completely misses you.
The orc priest hits you with an orcish club.
* * * LOW HITPOINT WARNING * * *
You hit the orc priest but do no damage.
The orc priest is lightly wounded.
You hit the orc priest.
The orc priest is moderately wounded.
The orc wizard hits you from afar with a halberd!
You die...

#####
#.<.+
#@### #o#
#oo?o..o.#
......###
##+###


You could see an orc priest and an orc wizard.

Vanquished Creatures
  2 orc wizards
  3 adders
  A worm (D:3)
  A giant gecko (D:1)
  An ooze (D:2)
  3 orcs
  5 bats
  3 giant cockroaches
  3 goblins
  13 hobgoblins
  A quokka (D:3)
  5 giant newts
  5 jackals
  9 kobolds
  7 rats
62 creatures vanquished.

Vanquished Creatures (others)
  A bat (D:1)
1 creature vanquished.

Grand Total: 63 creatures vanquished

Notes
Turn   | Place    | Note
--------------------------------------------------------------
     0 | D:1      | RedPan, the Merfolk Gladiator, began the quest for the Orb.
     0 | D:1      | Reached XP level 1. HP: 16/16 MP: 1/1
   139 | D:1      | Reached skill level 5 in Polearms
   148 | D:1      | Reached XP level 2. HP: 22/22 MP: 2/2
   656 | D:1      | Reached skill level 6 in Polearms
   656 | D:1      | Reached XP level 3. HP: 27/27 MP: 3/3
  1995 | D:3      | Reached skill level 7 in Polearms
  1995 | D:3      | Reached XP level 4. HP: 33/33 MP: 4/4
  2259 | D:3      | Reached skill level 8 in Polearms
  2273 | D:3      | Reached XP level 5. HP: 35/38 MP: 5/5
  2612 | D:4      | Slain by an orc wizard

Action                   |  1- 3 |  4- 6 || total
-------------------------+-------+-------++-------
Melee: Trident           |   146 |    90 ||   236
  Use: Scroll            |     2 |       ||     2
 Stab: Sleeping          |     4 |       ||     4
